AoeStats
← ivcrk826

Arabia

509620497Analyzed
3v3 RM · 4d ago on Sep 27, 2026· 51m 39s· 6 players
Game mode
Random Map
Map size
Normal (6 player)
Population
200
Speed
Normal
Resources
Standard
Victory
Conquest
Starting age
Dark Age
Ending age
Imperial Age
RankedLock teamsTeams togetherTeam positionsShared explorationLock speedFull tech treeHidden civsTurbo modeCheats
Victory
Defeat
🇦🇷 Italians · Argentina
1411
+15
🇲🇴 Persians · Macao SAR China
1391
+16
🇺🇸 Maya · United States
1319
+19
🇮🇳 Mapuche · India
1411
-18
🇮🇳 Berbers · India
1394
-17
1357
-15
ivcrk826
6:09 Loom
9:03 Feudal Age
9:53 Double-Bit Axe
12:53 Fletching
19:44 Padded Archer Armor
24:22 Castle Age
24:58 Bodkin Arrow
24:24 Elite Skirmisher
26:30 Bow Saw
34:11 Imperial Age
32:28 Ballistics
36:02 Chemistry
48:18 Wheelbarrow
48:22 Bracer
49:33 Conscription
51:29 Leather Archer Armor
jimmy211211
5:26 Loom
8:53 Feudal Age
9:27 Double-Bit Axe
11:19 Horse Collar
21:21 Castle Age
21:13 Forging
21:08 Scale Barding Armor
21:58 Bloodlines
22:08 Husbandry
25:13 Heavy Plow
32:09 Wheelbarrow
33:58 Iron Casting
33:43 Chain Barding Armor
38:19 Chain Barding Armor
40:56 Imperial Age
40:29 Masonry
40:34 Cavalier
44:43 Savar
45:21 Gold Mining
45:22 Stone Mining
46:38 Hand Cart
47:26 Light Cavalry
53:06 Blast Furnace
52:41 Plate Barding Armor
dl_cucga
0:28 Loom
9:01 Feudal Age
9:18 Man-at-Arms
13:22 Double-Bit Axe
16:49 Horse Collar
17:47 Fletching
19:11 Padded Archer Armor
25:26 Castle Age
23:33 Gold Mining
26:04 Bodkin Arrow
25:36 Crossbowman
30:25 Ballistics
30:21 Squires
32:49 Wheelbarrow
38:48 Imperial Age
37:40 Hand Cart
38:06 Town Watch
38:32 Bow Saw
39:35 Bracer
40:52 Chemistry
41:58 Arbalester
43:45 Thumb Ring
43:57 Leather Archer Armor
45:49 Two-Man Saw
45:24 Ring Archer Armor
48:57 Hul'che Javelineers
Weary Sigh
6:00 Loom
8:42 Feudal Age
10:28 Double-Bit Axe
16:26 Fletching
17:44 Padded Archer Armor
22:45 Castle Age
22:20 Stone Mining
22:14 Horse Collar
23:23 Bodkin Arrow
22:49 Crossbowman
24:28 Town Watch
25:10 Leather Archer Armor
25:43 Bow Saw
37:00 Atonement
37:24 Sanctity
43:15 Wheelbarrow
48:51 Scale Mail Armor
49:40 Forging
48:52 Champi Runner
49:18 Arson
50:00 Champi Warrior
51:17 Iron Casting
51:00 Chain Mail Armor
Dobby
6:04 Loom
6:23 Loom
8:58 Feudal Age
10:23 Double-Bit Axe
11:37 Horse Collar
20:35 Castle Age
21:37 Bloodlines
21:33 Scale Barding Armor
21:39 Bow Saw
21:48 Heavy Plow
22:45 Husbandry
23:26 Gold Mining
24:28 Forging
24:47 Town Watch
26:15 Chain Barding Armor
26:52 Husbandry
29:35 Wheelbarrow
30:38 Iron Casting
33:29 Fletching
34:56 Bodkin Arrow
36:12 Hand Cart
37:33 Gold Shaft Mining
37:10 Stone Mining
46:00 Imperial Age
47:32 Plate Barding Armor
46:18 Cavalier
48:07 Conscription
47:49 Kasbah
48:09 Treadmill Crane
49:02 Coinage
50:01 Blast Furnace
51:03 Stone Shaft Mining
52:02 Banking
Comrades of Kankidiot
12:38 Feudal Age
13:07 Loom
18:49 Fletching
20:51 Padded Archer Armor
24:11 Castle Age
22:40 Horse Collar
23:07 Double-Bit Axe
24:13 Crossbowman
25:01 Bodkin Arrow
29:06 Gold Mining
32:53 Imperial Age
32:55 Arbalester
34:39 Bracer
38:54 Ballistics
45:35 Conscription
45:59 Leather Archer Armor
50:46 Chemistry
Connection lost

Rejoining the realm…

Still unreachable

The connection could not be restored.

Session expired

The server has moved on; the page needs a fresh start.